 Dungeon Crawl Stone Soup version 0.30-a0-916-g9813417 (webtiles) character file.

Game seed: 6233749205114293784

35 Think the Ducker (level 3, -1/15 HPs)
             Began as a Felid Transmuter on Mar 25, 2023.
             Was a High Priest of Ignis.
             Slain by a worm (9 damage)
             ... on level 2 of the Dungeon.
             The game lasted 00:06:22 (974 turns).

Think the Ducker (Felid Transmuter)                  Turns: 974, Time: 00:06:24

Health: -1/15      AC:  1    Str:  6    XL:     3   Next: 17%
Magic:  7/7        EV: 19    Int: 14    God:    Ignis [*****.]
Gold:   65         SH:  0    Dex: 18    Spells: 5/6 levels left
                                        Lives:  0   Deaths: 0

rFire   + . .      SeeInvis +      - Unarmed
rCold   . . .      Faith    .    (shield unavailable)
rNeg    . . .      Spirit   .    (body armour unavailable)
rPois   .          Reflect  .    (helmet unavailable)
rElec   .          Rampage  .    (cloak unavailable)
rCorr   .                        (gloves unavailable)
Will    .....                    (boots unavailable)
Stlth   ++                       (no amulet)
HPRegen 0.22/turn                (no ring)
MPRegen 0.10/turn                (no ring)

@: quick
A: very small, claws 1, fangs 3, see invisible, speed 1, shaggy fur 1, stealthy
paws, no weapons or thrown items, no armour, multi-lived
a: Renounce Religion, Fiery Armour, Foxfire Swarm, Rising Flame


You were on level 2 of the Dungeon.
You worshipped Ignis.
Ignis was extremely pleased with you.
You visited 1 branch of the dungeon, and saw 2 of its levels.

You collected 65 gold pieces.

Inventory:

Scrolls
 b - a scroll of teleportation {unknown}
 c - a scroll of blinking {unknown}
Potions
 a - a potion of lignification
 d - a potion of mutation {unknown}
 e - a potion of berserk rage {unknown}
 f - a potion of magic {unknown}


   Skills:
 - Level 1.0 Fighting
 + Level 4.9 Dodging
 - Level 3.0 Unarmed Combat
 - Level 2.0 Spellcasting
 - Level 2.1 Transmutations


You had 5 spell levels left.
You knew the following spells:

 Your Spells              Type           Power      Damage    Failure   Level
a - Beastly Appendage     Tmut           14%        N/A       10%         1

Your spell library contained the following spells:

 Spells                   Type           Power      Damage    Failure   Level
 Wereblood                Tmut           7%         N/A       14%         2
 Spider Form              Tmut/Pois      4%         N/A       41%         3
 Ice Form                 Ice/Tmut       4%         N/A       83%         4


Dungeon Overview and Level Annotations

Branches:
Dungeon (2/15)

Altars:
Ignis


Innate Abilities, Weirdness & Mutations

You have sharp claws.
You have razor-sharp teeth.
You have supernaturally acute eyesight. (SInv)
You cover ground quickly. (Speed+)
You are covered in fur. (AC +1)
Your paws help you pounce on unaware monsters.
You are incapable of wielding weapons or throwing items.
You cannot wear armour.
You gain extra lives every three experience levels.


Message History

The ball python bites you but does no damage.
The ball python constricts you.
You closely miss the ball python.
The ball python is severely wounded.
The ball python misses you. The ball python constricts you.
You scratch the ball python.
You kill the ball python!
No target in view!
You see here a ball python corpse.
Found a faded altar of an unknown god.
Found a robe.
There is a faded altar of an unknown god here.
This altar belongs to (a) Ignis, (b) Jiyva or (c) Nemelex Xobeh, but you can't tell which.
Press the corresponding letter to learn more about a god, or press enter to convert or escape to cancel.
Ignis accepts your prayer! Ignis welcomes you!
You now have 65 gold pieces (gained 15).
Found a short sword.
Found a stone staircase leading down.
A frilled lizard comes into view.
You scratch the frilled lizard.
You kill the frilled lizard!
You see here a frilled lizard corpse.
A worm comes into view.
The worm misses you.
You scratch the worm. You bite the worm.
The worm is moderately wounded.
You scratch the worm. You claw the worm.
The worm is severely wounded.
The worm bites you!
Ouch! That really hurt!
You are too injured to fight recklessly!
You are too injured to fight recklessly!
Unknown command.
You are too injured to fight recklessly!
You scratch the worm. You bite the worm, but do no damage.
The worm is severely wounded.
You scratch the worm.
The worm is severely wounded.
The worm bites you!
Ouch! That really hurt!
You die...

.).......#.....# #..
#.............###.####..
#..#..........# #.......
.........#.##.###.####.#
.........#.##.....# ##.
.........#.####.### #.
.........#.# #.#######.
......w..#.# #.........
.......@.#.# ##########
.........#†# #
...........# #
.......#.....# #
.........###.# #
.......... .# #
.........# # #
.......... # .....#### #


You could see a worm.

Vanquished Creatures
  2 bats (D:1)
  3 endoplasms (D:1)
  A giant cockroach (D:1)
  3 goblins (D:1)
  A hobgoblin (D:1)
  4 jackals (D:1)
  3 kobolds (D:1)
  2 quokkas (D:1)
  8 ball pythons
  3 frilled lizards
  4 rats
34 creatures vanquished.

Notes
Turn   | Place    | Note
-------+----------+-------------------------------------------
     0 | D:1      | Think the Felid Transmuter began the quest for the Orb.
     0 | D:1      | Reached XP level 1. HP: 9/9 MP: 4/4
    18 | D:1      | Reached skill level 3 in Dodging
   169 | D:1      | Reached XP level 2. HP: 12/12 MP: 6/6
   230 | D:1      | Reached skill level 4 in Dodging
   578 | D:1      | Reached XP level 3. HP: 13/15 MP: 7/7
   921 | D:2      | Found a faded altar of an unknown god.
   939 | D:2      | Prayed at the altar of an unknown god.
   939 | D:2      | Became a worshipper of Ignis, the Dying Flame
   974 | D:2      | Slain by a worm

Illustrated notes

Levels and vault maps discovered:
D:1:      eino_arrival_druids_welcome, layout_loops_cross
D:2:      layout_loops_ring, dreamdust_ecumenical_altar_statues

Skill      XL: |  1  2 |
---------------+-------+-----
Dodging        | 3 4 |  4.9
Fighting       | |  1.0
Unarmed Combat | |  3.0
Spellcasting   | |  2.0
Transmutations | |  2.1

Action                     || total
---------------------------++-------
  Melee: Unarmed           ||    99
         Bite              ||     9
         Punch             ||     3
   Stab: Sleeping          ||     3
 Armour: Skin              ||     8
  Dodge: Dodged            ||   109

Table legend: (Time is in decaauts)
 A = Elapsed time spent in this place.
 B = Non-inter-level travel time spent in this place.
 C = Inter-level travel time spent in this place.
 D = Time resting spent in this place.
 E = Time spent auto-exploring this place.
 F = Levels seen in this place.
 G = Mean time per level.
                   A        B        C        D        E       F      G
               +--------+--------+--------+--------+--------+-----+--------+
         Total |    818 |    781 |     37 |     54 |    474 |   2 |  409.0 |
       Dungeon |    818 |    781 |     37 |     54 |    474 |   2 |  409.0 |
               +--------+--------+--------+--------+--------+-----+--------+

Top non-repeatable levels by time:
     D:1: 662 daAuts
     D:2: 155 daAuts
